 Dungeon Crawl Stone Soup version 0.26-a0-1205-g4083c211ab (webtiles) character file.

Game seed: 16537147569893796331

4323 sokol815 the Carver (level 10, -10/58 (60) HPs)
             Began as an Octopode Gladiator on Dec 29, 2020.
             Was an Initiate of Gozag.
             Mangled by a two-headed ogre
             ... wielding a +0 giant club
              (20 damage)
             ... on level 7 of the Dungeon.
             The game lasted 00:22:04 (9581 turns).

sokol815 the Carver (Octopode Gladiator)            Turns: 9581, Time: 00:22:04

HP:   -10/58 (60)   AC:  7    Str: 20    XL:     10   Next: 33%
MP:   13/13         EV: 15    Int: 17    God:    Gozag
Gold: 689           SH:  0    Dex: 21    Spells: 10/13 levels left

rFire    . . .     SeeInvis .   a - +4 falchion (holy)
rCold    x . .     Faith    .   (no shield)
rNeg     + . .     Spirit   .   o - +2 hat
rPois    .         Reflect  .   y - amulet "Zocaenoc" {Acrobat rC- Int+3 Dex+8 Stlth+}
rElec    .         Harm     .   h - ring of flight {+Fly, !d}
rCorr    +         Rampage  .   v - +4 ring of protection
Will     .....                  d - +6 ring of strength
Stlth    ++++++....             q - ring of resist corrosion
HPRegen  0.19/turn              I - ring of positive energy {rN+}
MPRegen  0.13/turn              (no ring)
                                (no ring)
                                (no ring)

@: lethally poisoned (-10 -> -12), gold aura, hasted and slowed, lightly drained
A: almost no armour, stealthy swim, amphibious, 8 rings, constrict 8, camouflage
1, gelatinous body 1
a: Renounce Religion, Evoke Flight, Potion Petition, Call Merchant, Bribe Branch


You were on level 7 of the Dungeon.
You worshipped Gozag.
Gozag was pleased with you.
You visited 1 branch of the dungeon, and saw 8 of its levels.
You also visited: Ossuary.

You collected 1154 gold pieces.
You paid 465 gold pieces to Gozag.

Inventory:

Hand Weapons
 a - a +4 falchion of holy wrath (weapon)
   (You took it off an orc on level 3 of the Dungeon)
 b - a +2 dagger of flaming
   (You took it off an orc wizard on level 5 of the Dungeon)
 p - a +0 long sword
 s - a +0 flail of draining
   (You took it off an orc on level 3 of the Dungeon)
 x - a +0 spear
   (You took it off a gnoll on level 4 of the Dungeon)
 B - a +1 short sword of speed
   (You took it off an orc on level 5 of the Dungeon)
 L - a cursed +2 scimitar
   (You took it off a wight on level 8 of the Dungeon)
Missiles
 c - 2 throwing nets {=f, !d}
 f - 303 stones
 r - 12 boomerangs
 D - 12 poisoned darts
Armour
 o - a +2 hat (worn)
Jewellery
 d - a +6 ring of strength (on tentacle)
   (You found it on level 6 of the Dungeon)
 h - a ring of flight (left tentacle) {+Fly, !d}
   (You found it on level 1 of the Dungeon)
 j - an uncursed amulet of guardian spirit {Spirit}
   (You found it on level 1 of the Dungeon)
 q - a ring of resist corrosion (on tentacle)
   (You found it on level 6 of the Dungeon)
 v - a +4 ring of protection (right tentacle)
   (You found it on level 3 of the Dungeon)
 y - the amulet "Zocaenoc" (around mantle) {Acrobat rC- Int+3 Dex+8 Stlth+}
   (You found it on level 4 of the Dungeon)

   [amulet of the acrobat]

   It helps you evade while moving and waiting.
   It affects your intelligence (+3).
   It affects your dexterity (+8).
   It makes you vulnerable to cold.
   It makes you more stealthy.
 I - a ring of positive energy (on tentacle) {rN+}
   (You found it on level 7 of the Dungeon)
Wands
 e - a wand of flame (37)
   (You found it on level 4 of the Dungeon)
 t - a wand of digging (13)
   (You found it on level 3 of the Dungeon)
 J - a wand of random effects (21)
   (You found it on level 8 of the Dungeon)
Scrolls
 i - 4 scrolls of remove curse
 l - a scroll of fog
 z - a scroll of immolation {!r}
 C - a scroll of teleportation
 K - a scroll of amnesia {unknown}
Potions
 g - 3 potions of haste
 k - 6 potions of attraction {!q}
 m - 3 potions of brilliance
 n - 3 potions of heal wounds {unknown}
 u - 3 potions of curing {unknown}
 w - 2 potions of magic
 A - 7 potions of lignification {!q}
 E - 4 potions of flight
 F - 2 potions of ambrosia {unknown}
 G - 2 potions of degeneration {unknown}
 H - a potion of resistance {unknown}


   Skills:
 - Level 2.0 Fighting
 + Level 10.4 Long Blades
 - Level 2.0 Throwing
 - Level 3.0 Dodging
 - Level 6.4 Stealth
 + Level 2.1 Spellcasting
 + Level 6.5 Conjurations
 + Level 6.5 Hexes


You had 10 spell levels left.
You knew the following spells:

 Your Spells              Type           Power        Failure   Level
a - Dazzling Flash        Conj/Hex       48%          3%          3

Your spell library contained the following spells:

 Spells                   Type           Power        Failure   Level
 Corona                   Hex            26%          1%          1
 Magic Dart               Conj           96%          1%          1
 Slow                     Hex            24%          1%          2
 Confusing Touch          Hex            24%          3%          3
 Tukima's Dance           Hex            24%          3%          3
 Ensorcelled Hibernation  Hex/Ice        24%          8%          2
 Conjure Flame            Conj/Fire      12%          16%         3
 Portal Projectile        Hex/Tloc       24%          16%         3
 Mephitic Cloud           Conj/Pois/Air  9%           24%         3
 Blink                    Tloc           N/A          28%         2
 Call Imp                 Summ           1%           28%         2
 Call Canine Familiar     Summ           1%           50%         3
 Metabolic Englaciation   Hex/Ice        6%           80%         5
 Summon Forest            Summ/Tloc      0%           99%         5


Dungeon Overview and Level Annotations

Branches:
Dungeon (8/15)             Temple (0/1) D:6         Ossuary (visited)
   Lair: D:8-11

Altars:
Cheibriados
Gozag
Ru
Trog
Vehumet
Xom

Shops:
D:7 :

Annotations:
D:2 Sigmund
D:6 2 transporters, jejorda2's ghost, novice MfIE
D:8 Harold; Psyche


Innate Abilities, Weirdness & Mutations

You cannot wear most types of armour.
You are very stealthy in the water. (Stealth+)
You are amphibious.
You can wear up to eight rings at the same time.
You can use your tentacles to constrict eight enemies at once.
Your skin changes colour to match your surroundings (Stealth+).
Your rubbery body absorbs attacks. (AC +1, EV +1)


Message History

You climb upwards.
There is a stone staircase leading down here.
You now have 689 gold pieces (gained 6).
Things that are here:
a +0 robe; a +4 hand axe
There is a stone staircase leading down here.
Things that are here:
a +0 robe; a +1 dagger
There is a stone staircase leading down here.
You start resting.
Health restored: 56 You climb downwards.
Level annotation: Harold
There is a stone staircase leading up, spattered with blood here.
You see here a +0 robe.
Things that are here:
a +0 robe; a +0 battleaxe
Things that are here:
a +0 robe; a cursed +4 spear Psyche the Insane Magess comes into view.
She is wielding a +1 dagger of chaos.
Things that are here:
a +0 robe; a cursed +4 spear Partly explored, can't reach some places.
(D) Dungeon (T) Temple
Where to? (Enter - D:7 @ (x,y), ? - help)
You see here a +0 robe.
There is a stone staircase leading up, spattered with blood here.
You climb upwards.
There is a stone staircase leading down here.
There is a stone staircase leading down here.
There is an entrance to Beos's Book Boutique here.
There is a stone staircase leading down here.
There is a stone staircase leading down here.
You climb downwards.
Level annotation: Harold; Psyche
There is a stone staircase leading up here.
You hear a distant splash.
A wight comes into view.
It is wielding a +1 halberd and quivering 8 curare-tipped darts.
A bullfrog comes into view.
The bullfrog completely misses you.
You slash the bullfrog! You grab the bullfrog. You constrict the bullfrog.
The bullfrog hits you.
You take 1 damage, and have 55/56 hp.
You hit the bullfrog. You constrict the bullfrog.
You kill the bullfrog!
The wight throws a curare-tipped dart.
The curare-tipped dart hits you.
You are poisoned.
You have difficulty breathing.
You feel yourself slow down.
You take 6 damage, and have 49/57 hp.
You feel sick.
The wight throws a curare-tipped dart.
The curare-tipped dart completely misses you.
A wight comes into view. It is wielding a +4 short sword.
You see here 6 gold pieces.
You take 2 damage, and have 47/57 hp.
You feel sick. The wight misses you. The wight completely misses you.
You take 1 damage, and have 46/57 hp.
You feel sick. The wight completely misses you.
You take 1 damage, and have 45/57 hp.
You barely miss the wight. You grab the wight. You constrict the wight.
You feel sick. The wight closely misses you.
You take 1 damage, and have 44/57 hp.
You hit the wight.
The wight convulses.
You constrict the wight.
You feel sick.
A two-headed ogre comes into view.
It is wielding a +0 giant club and a -3 giant club.
The wight hits you with a cursed +1 halberd.
You take 4 damage, and have 40/57 hp.
The two-headed ogre shouts in stereo!
You hit the wight.
The wight convulses.
You squeeze the wight.
You destroy the wight!
You feel sick.
You take 1 damage, and have 39/57 hp.
You feel sick.
A wyvern comes into view.
Items here: $ ( ) [.
A wight comes into view. It is wielding a +2 dagger.
You feel sick.
The wight hits you with a +4 short sword.
The wight completely misses you.
You take 5 damage, and have 34/57 hp.
There is a stone staircase leading up here.
You feel sick. The wight misses you.
The two-headed ogre hits you with a +0 giant club!!
* * * LOW HITPOINT WARNING * * *
The two-headed ogre closely misses you. The wight misses you.
You climb upwards.
You feel sick.
There is a stone staircase leading down here.
You take 24 damage, and have 10/57 hp.
MASSIVE DAMAGE!!
As you read the scroll labelled GECOXK PAMPUI, it crumbles to dust.
The scroll dissolves into smoke.
It was a scroll of fog.
The wight misses you.
You riposte.
You hit the wight.
The wight convulses.
Your grab misses the wight. You squeeze the wight!
You destroy the wight!
The two-headed ogre barely misses you.
You riposte.
You slash the two-headed ogre! You squeeze the two-headed ogre.
The two-headed ogre barely misses you.
You feel yourself speed up.
You feel sick.
The two-headed ogre hits you with a +0 giant club!!
You die...
Your body crumbles into a pile of gold.

#..## ##..###########
##............
##..###.....##
########..##.........
##........###......)<)
##..§§§...###..........
##....§§§§####<.........
#....§§@§§# #...........
#....§§§O## #..........(
# ##...§§§##
#........... # #####.##
#........... # ##.##
###........# ## ##..#
########## .# #..## ##
#####.## # ####.....####


You could see a two-headed ogre.

Vanquished Creatures
  Pikel (D:8)
  Joseph (D:7)
  Grinder (D:6)
  Prince Ribbit (D:6)
  7 ogres
  3 orc warriors (D:6)
  A necrophage (D:6)
  A lemure (D:8)
  A big kobold (D:7)
  Blork the orc (D:6)
  4 bullfrogs
  A wyvern skeleton (D:6)
  3 scorpions
  7 wights
  A howler monkey (D:6)
  2 centaur skeletons
  A human zombie (D:6)
  A centaur zombie (D:6)
  A hound (D:7)
  A jelly (D:6)
  5 orc priests
  A bullfrog skeleton (D:5)
  7 orc wizards
  6 iguanas
  Ijyb (D:4)
  6 worker ants
  11 mummies (Ossuary)
  2 worker ant zombies (D:5)
  10 gnolls
  A howler monkey skeleton (D:4)
  7 adders
  A white imp (D:7)
  2 adder skeletons (D:5)
  5 worms
  A dart slug (D:1)
  4 leopard geckos
  31 orcs
  A ball python (D:3)
  2 giant cockroaches
  A gnoll zombie (D:6)
  2 hobgoblins (D:1)
  13 jackals
  5 kobolds
  4 quokkas
  3 bats
  3 frilled lizards
  6 goblins
  5 goblin skeletons (Ossuary)
  3 kobold skeletons (Ossuary)
  A leopard gecko zombie (D:7)
  An orc zombie (D:6)
  A quokka skeleton (D:6)
  5 rats
  11 rat skeletons (Ossuary)
208 creatures vanquished.

Vanquished Creatures (others)
  An orc wizard (D:6)
1 creature vanquished.

Grand Total: 209 creatures vanquished

Notes
Turn   | Place    | Note
-------+----------+-------------------------------------------
     0 | D:1      | sokol815 the Octopode Gladiator began the quest for the
                  | Orb.
     0 | D:1      | Reached XP level 1. HP: 14/14 MP: 1/1
   151 | D:1      | Reached skill level 1 in Stealth
   207 | D:1      | Reached XP level 2. HP: 14/19 MP: 2/2
   375 | D:1      | Reached skill level 2 in Stealth
  1332 | D:2      | Reached skill level 3 in Stealth
  1332 | D:2      | Reached XP level 3. HP: 24/24 MP: 3/3
  1936 | D:2      | Reached skill level 4 in Stealth
  2006 | D:2      | Noticed Sigmund
  2185 | D:3      | Reached XP level 4. HP: 29/29 MP: 4/4
  2376 | D:3      | Learned a level 3 spell: Dazzling Flash
  3080 | D:3      | Reached XP level 5. HP: 24/34 MP: 2/5
  3611 | D:4      | Reached skill level 5 in Stealth
  3613 | D:4      | Reached skill level 1 in Conjurations
  3613 | D:4      | Reached skill level 1 in Hexes
  3613 | D:4      | HP: 8/34 [gnoll/+0 flail of pain (10)]
  3615 | D:4      | Reached skill level 4 in Long Blades
  3903 | D:4      | Reached XP level 6. HP: 38/39 MP: 6/6
  3928 | D:4      | Got a clouded diamond amulet
  3932 | D:4      | Identified the amulet "Zocaenoc" {Acrobat rC- Int+3 Dex+8
                  | Stlth+} (You found it on level 4 of the Dungeon)
  3986 | D:4      | Noticed Ijyb
  3992 | D:4      | Killed Ijyb
  3993 | D:4      | Reached skill level 6 in Stealth
  4046 | D:4      | Found a sacrificial altar of Ru.
  4131 | D:4      | Reached skill level 2 in Conjurations
  4131 | D:4      | Reached skill level 2 in Hexes
  4284 | D:4      | Identified Waigeup's Compendium of Enchanting Creation
  4835 | D:4      | Found a shimmering altar of Xom.
  4841 | D:4      | Found an opulent altar of Gozag.
  4844 | D:4      | Found a snail-covered altar of Cheibriados.
  4853 | D:4      | Became a worshipper of Gozag Ym Sagoz the Greedy
  4933 | D:5      | Entered Level 5 of the Dungeon
  4933 | D:5      | Found a radiant altar of Vehumet.
  5023 | D:5      | Reached XP level 7. HP: 36/45 MP: 7/7
  5140 | D:5      | Reached skill level 3 in Hexes
  5144 | D:5      | Reached skill level 3 in Conjurations
  5838 | D:6      | Noticed Grinder
  5865 | D:6      | Found a staircase to the Ecumenical Temple.
  5887 | D:6      | Reached skill level 5 in Long Blades
  5893 | D:6      | Noticed Prince Ribbit
  5905 | D:6      | Killed Prince Ribbit
  5906 | D:6      | Reached skill level 4 in Conjurations
  5906 | D:6      | Reached skill level 4 in Hexes
  5906 | D:6      | Reached XP level 8. HP: 45/50 MP: 8/8
  5970 | D:6      | Found a transporter.
  5973 | D:6      | Found a transporter.
  5973 | D:6      | Noticed jejorda2's ghost (novice MfIE)
  6040 | D:6      | Reached skill level 5 in Conjurations
  6040 | D:6      | Reached skill level 5 in Hexes
  6125 | D:6      | Found a bloodstained altar of Trog.
  6175 | D:6      | Killed Grinder
  6186 | D:6      | Noticed Blork the orc
  6206 | D:6      | Found a sand-covered staircase.
  6215 | Ossuary  | Entered an ossuary
  6359 | Ossuary  | Reached XP level 9. HP: 54/54 MP: 9/9
  6375 | Ossuary  | Reached skill level 6 in Conjurations
  6375 | Ossuary  | Reached skill level 6 in Hexes
  6388 | Ossuary  | Reached skill level 6 in Long Blades
  6684 | D:6      | Killed Blork the orc
  6939 | D:6      | Reached skill level 7 in Long Blades
  7395 | D:7      | Reached skill level 8 in Long Blades
  8321 | D:7      | Noticed Joseph
  8326 | D:7      | Killed Joseph
  8327 | D:7      | Reached skill level 9 in Long Blades
  8540 | D:7      | Reached skill level 10 in Long Blades
  8540 | D:7      | Reached XP level 10. HP: 47/60 MP: 10/10
  9020 | D:8      | Reached skill level 1 in Spellcasting
  9078 | D:8      | Noticed Pikel
  9083 | D:8      | Noticed Harold
  9089 | D:8      | Killed Pikel
  9411 | D:8      | Reached skill level 2 in Spellcasting
  9486 | D:8      | Noticed Psyche
  9573 | D:8      | Noticed a two-headed ogre
  9578 | D:8      | HP: 11/57 [two-headed ogre/+0 giant club (23)]
  9581 | D:7      | Mangled by a two-headed ogre

Illustrated notes

Levels and vault maps discovered:
D:1:      elethiomel_arrival_infinity_welcomes_careful_drivers, layout_basic,
          serial_curves, eino_curves_03, eino_curves_03, minmay_surrounded
D:2:      layout_loops_ring, uniq_sigmund
D:3:      layout_basic
D:4:      layout_loops_ring, minmay_overflow_temple_star_quad,
          nicolae_ru_the_path_less_chosen, uniq_ijyb
D:5:      layout_cave_pools, nicolae_overflow_hidden_temple,
          vehumet_altar_wand_db
D:6:      layout_rooms, temple_statues, gammafunk_ghost_mausoleum,
          enter_ossuary_3, minivault_24, trog_butcher_becter,
          uniq_blork_the_orc, uniq_grinder, uniq_prince_ribbit1
D:7:      layout_cave_pods, uniq_joseph
D:8:      layout_basic, serial_shops, nicolae_shop_waterfront, ldierk_geyser,
          chequers_avenue, uniq_harold, uniq_pikel, uniq_psyche

Skill      XL: |  1  2  3  4  5  6  7  8  9 10 |
---------------+-------------------------------+-----
Stealth        | 1 3 4 5 6 |  6.4
Conjurations   | 1 2 4 5 6 |  6.5
Hexes          | 1 2 4 5 6 |  6.5
Long Blades    | 4 5 10 | 10.4
Spellcasting   | 2 |  2.1
Fighting       | |  2.0
Throwing       | |  2.0
Dodging        | |  3.0

Action                   |  1- 3 |  4- 6 |  7- 9 | 10-12 || total
-------------------------+-------+-------+-------+-------++-------
Melee: Long sword        |    35 |     6 |       |       ||    41
       Constrict         |    10 |    28 |    62 |    12 ||   112
       Tentacles         |     8 |    23 |    70 |    20 ||   121
       Falchion          |       |    90 |   194 |    41 ||   325
       Dagger            |       |     2 |     9 |       ||    11
Throw: Stone             |    65 |    68 |       |       ||   133
       Throwing net      |       |       |     8 |       ||     8
 Cast: Dazzling Flash    |       |       |       |     4 ||     4
Invok: Call Merchant     |       |       |       |     1 ||     1
Evoke: Wand              |       |     1 |     1 |     1 ||     3
  Use: Scroll            |       |     6 |    10 |     2 ||    18
       Potion            |       |       |       |     1 ||     1
 Stab: Sleeping          |     1 |    10 |    27 |     2 ||    40
       Distracted        |       |       |     6 |     1 ||     7
       Held in net/web   |       |       |     2 |       ||     2
       Invisible         |       |       |       |     6 ||     6
Armor: Skin              |     3 |     6 |    29 |     3 ||    41
Dodge: Dodged            |    24 |    60 |   110 |    46 ||   240
       Rpst.: Long sword |     6 |     2 |       |       ||     8
       Falchion          |       |    13 |    33 |    13 ||    59

Table legend: (Time is in decaauts)
 A = Elapsed time spent in this place.
 B = Non-inter-level travel time spent in this place.
 C = Inter-level travel time spent in this place.
 D = Time resting spent in this place.
 E = Time spent auto-exploring this place.
 F = Levels seen in this place.
 G = Mean time per level.
                   A        B        C        D        E       F      G
               +--------+--------+--------+--------+--------+-----+--------+
         Total |   9605 |   9100 |    505 |   1972 |   5439 |   9 | 1067.2 |
       Dungeon |   9216 |   8711 |    505 |   1854 |   5279 |   8 | 1152.0 |
       Ossuary |    389 |    389 |      0 |    118 |    160 |   1 |  389.0 |
               +--------+--------+--------+--------+--------+-----+--------+

Top non-repeatable levels by time:
     D:6: 1566 daAuts
     D:4: 1476 daAuts
     D:3: 1408 daAuts
     D:1: 1381 daAuts
     D:7: 1317 daAuts
     D:5: 1001 daAuts
     D:2: 807 daAuts
 Ossuary: 389 daAuts
     D:8: 259 daAuts

Table legend:
 A = Kills in this place as a percentage of kills in entire the game.
 B = Kills by you in this place as a percentage of kills by you in the entire game.
 C = Kills by friends in this place as a percentage of kills by friends in the entire game.
 D = Other kills in this place as a percentage of other kills in the entire game.
 E = Experience gained in this place as a percentage of experience gained in the entire game.
 F = Experience gained in this place divided by the number of levels of this place that you have seen.
                   A       B       C       D       E      F
               +-------+-------+-------+-------+-------+----------------------
         Total | 100.0 | 100.0 |   N/A | 100.0 | 100.0 | 686.2
       Dungeon |  86.0 |  85.9 |   N/A | 100.0 |  96.5 | 744.6
       Ossuary |  14.0 |  14.1 |   N/A |   0.0 |   3.5 | 219.0
               +-------+-------+-------+-------+-------+----------------------
